 Dungeon Crawl Stone Soup version 0.22-a0-398-g8bb545f (webtiles) character file.

46 Goblin1989 the Cutter (level 3, -1/34 HPs)
             Began as a Kobold Berserker on May 4, 2018.
             Was a Believer of Trog.
             Slain by a hound (3 damage)
             ... on level 6 of the Dungeon.
             The game lasted 00:06:27 (594 turns).

Goblin1989 the Cutter (Kobold Berserker)             Turns: 594, Time: 00:06:28

Health: -1/34      AC:  2    Str: 19    XL:     3   Next: 95%
Magic:  3/3        EV: 14    Int:  8    God:    Trog [**....]
Gold:   67         SH:  5    Dex: 15    Spells: 2/2 levels left

rFire    . . .     SeeInvis .   a - +0 short sword
rCold    . . .     Gourm    .   k - +0 buckler
rNeg     . . .     Faith    .   b - +0 animal skin
rPois    .         Spirit   .   (no helmet)
rElec    .         Reflect  .   (no cloak)
rCorr    .         Harm     .   (no gloves)
MR       ++...                  (no boots)
Stlth    ..........             (no amulet)
HPRegen  1.11/turn              (no ring)
MPRegen  0.08/turn              (no ring)

@: berserking, regenerating, very quick
A: small, carnivore
a: Berserk, Trog's Hand, Renounce Religion


You were on level 6 of the Dungeon.
You worshipped Trog.
Trog was pleased with you.
You were full.

You visited 1 branch of the dungeon, and saw 5 of its levels.

You collected 67 gold pieces.

Inventory:

Hand Weapons
 a - a +0 short sword (weapon)
Armour
 b - a +0 animal skin (worn)
 k - a +0 buckler (worn)
Scrolls
 f - a scroll of immolation {unknown}
 g - a scroll of magic mapping {unknown}
 i - 2 scrolls of blinking {unknown}
 j - a scroll of random uselessness {unknown}
 n - a scroll of identify {unknown}
 r - a scroll of teleportation {unknown}
 s - a scroll of fog {unknown}
Potions
 h - 2 potions of flight {unknown}
 l - a potion of might {unknown}
 m - a potion of mutation {unknown}
 o - 3 potions of lignification {unknown}
 p - a potion of cancellation {unknown}
 q - a potion of berserk rage {unknown}
 t - 2 potions of brilliance {unknown}
Comestibles
 e - 5 rations


   Skills:
 - Level 3.2 Fighting
 + Level 5.7 Short Blades
 - Level 1.5 Armour
 - Level 2.4 Dodging
 + Level 0.9 Shields


You had 2 spell levels left.
You didn't know any spells.

Dungeon Overview and Level Annotations

Branches:
Dungeon (4/15)
 Temple: D:4-7

Altars:
Cheibriados


Innate Abilities, Weirdness & Mutations

You are small and have problems with some larger weapons.
You are carnivorous and can eat meat at any time.


Message History

You are exhausted.
You feel yourself slow down.
You now have 17/23 hp.
p - a smoky ruby potion
There is a stone staircase leading down here.
You climb downwards.
There is a stone staircase leading up here.
Found a stone staircase leading down.
There is a stone staircase leading down here.
You climb downwards.
There is a stone staircase leading up here.
You now have 20 gold pieces (gained 10).
You see here 15 poisoned needles.
There is a stone staircase leading up here.
You feel yourself speed up.
Found a stone staircase leading down.
You now have 29 gold pieces (gained 9).
A frilled lizard comes into view.
You recover from your berserk rage.
The frilled lizard closely misses you.
You see here a fuming purple potion.
You barely miss the frilled lizard.
The frilled lizard completely misses you.
You miss the frilled lizard.
The frilled lizard bites you but does no damage.
You barely miss the frilled lizard. The frilled lizard closely misses you.
You barely miss the frilled lizard. You block the frilled lizard's attack.
You hit the frilled lizard.
You kill the frilled lizard!
Trog accepts your kill.
You see here a frilled lizard corpse.
You butcher the frilled lizard corpse.
q - a chunk of flesh Eating a chunk of flesh.
You eat the chunk of flesh.
This raw flesh tastes great.
q - a fuming purple potion You now have 42 gold pieces (gained 13).
You now have 56 gold pieces (gained 14).
r - a scroll labeled ODGHOI AKUEWKA
Found a snail-covered altar of Cheibriados.
Health restored: 23
There is a snail-covered altar of Cheibriados here.
s - a scroll labeled REH OSIKIK You now have 67 gold pieces (gained 11).
You fall through a shaft for 2 floors!
The shaft crumbles and collapses.
o - 3 murky purple potions (gained 1)
t - 2 pink potions
Found a stone staircase leading down.
A centaur comes into view.
The centaur wields a shortbow.
The centaur shoots an arrow.
The arrow closely misses you.
You see here an arrow.
A centaur comes into view.
The centaur shouts!
The centaur wields a shortbow.
The centaur shoots an arrow.
You block the arrow.
A hound comes into view.
You see here an arrow.
The centaur shoots an arrow.
The arrow barely misses you.
The centaur shoots an arrow.
The arrow hits you!
Ouch! That really hurt!
* * * LOW HITPOINT WARNING * * *
The centaur shoots an arrow.
The arrow closely misses you.
The centaur shoots an arrow.
The arrow closely misses you.
You see here an arrow.
You take 14 damage, and have 9/23 hp.
MASSIVE DAMAGE!!
Your skin crawls.
You feel resistant to hostile enchantments.
You feel somewhat less full.
Unknown command.
The centaur shoots an arrow.
The arrow closely misses you.
The centaur shoots an arrow.
The arrow hits you.
* * * LOW HITPOINT WARNING * * *
You see here an arrow.
You take 4 damage, and have 6/23 hp.
The centaur unwields an uncursed shortbow.
The centaur barely misses you.
The centaur shoots an arrow.
The arrow hits you but does no damage. The centaur misses you.
You see here an arrow.
A red film seems to cover your vision as you go berserk!
You feel yourself moving faster!
You feel mighty!
You feel quite a bit less full.
The centaur shoots an arrow.
The arrow hits you.
* * * LOW HITPOINT WARNING * * *
The centaur hits you.
* * * LOW HITPOINT WARNING * * *
The hound bites you.
* * * LOW HITPOINT WARNING * * *
You now have 3/34 hp.
You puncture the centaur!
The centaur is moderately wounded.
The centaur shoots an arrow.
The arrow closely misses you. The centaur barely misses you.
The hound bites you.
* * * LOW HITPOINT WARNING * * *
You take 2 damage, and have 1/34 hp.
You puncture the centaur!
The centaur is severely wounded.
The centaur shoots an arrow.
The arrow barely misses you. The centaur closely misses you.
The hound bites you.
You die...

█...........█ ..
█...........██████..
████........(.......
█........(.......
█......(.....c...
█.......(........
█........(.......
█.......(h.......
..........@...>...
..........c.......
..................
......(..........
......../.......


███████████████ You could see 2 centaurs and a hound.

Vanquished Creatures
  An adder (D:2)
  An ooze (D:2)
  2 worms (D:2)
  A leopard gecko (D:1)
  A ball python (D:2)
  3 giant cockroaches
  2 goblins (D:1)
  3 hobgoblins (D:1)
  2 bats
  2 frilled lizards
  6 kobolds
  4 rats
28 creatures vanquished.

Notes
Turn   | Place    | Note
-------+----------+-------------------------------------------
     0 | D:1      | Goblin1989 the Kobold Berserker began the quest for the Orb.
     0 | D:1      | Reached XP level 1. HP: 14/14 MP: 1/1
   101 | D:1      | Reached XP level 2. HP: 4/19 MP: 2/2
   242 | D:1      | Reached skill level 5 in Short Blades
   272 | D:1      | Upgraded the game from 0.22-a0-396-g3f858e3 to 0.22-a0-398-g8bb545f
   301 | D:2      | Reached XP level 3. HP: 21/23 MP: 3/3
   307 | D:2      | Reached ** piety under Trog
   530 | D:4      | Found a snail-covered altar of Cheibriados.
   569 | D:4      | You fall through a shaft for 2 floors!
   586 | D:6      | Noticed a centaur
   587 | D:6      | Noticed a centaur
   593 | D:6      | HP: 1/34 [hound (2)]
   594 | D:6      | Slain by a hound

Vault maps used:
D:1:      dpeg_arrival_rooms_c
D:2:      first_ration, uniq_robin
D:3:      uniq_terence, uniq_grinder
D:4:      tso_altar, cheibriados_altar_1, lemuel_crystal_altar,
          serial_bayou_pond_a, glass_columns_b, guppyfry_early_orc_mine
D:6:      kennysheep_mini, nicolae_overflow_hidden_temple, temple_hall,
          grunt_decor_one_mirror

Skill      XL: |  1  2 |
---------------+-------+-----
Short Blades   | 5 |  5.7
Fighting       | |  3.2
Armour         | |  1.5
Dodging        | |  2.4
Shields        | |  0.9

Action                   || total
-------------------------++-------
Melee: Short sword       ||    81
Invok: Berserk           ||     6
       Trog's Hand       ||     1
  Eat: Chunk             ||     9
Armor: Animal skin       ||    11
Dodge: Dodged            ||    57
Block: Buckler           ||     6

Table legend:
 A = Spawn XP
 B = Non-spawn XP
 C = Spawn XP percentage of total XP
 D = Spawn monster count
 E = Non-spawn monster count
 F = Spawn count percentage of total count
 G = Total turns spent on level
                    A         B        C        D         E        F      G
               +---------+---------+-------+---------+---------+-------+---------
         Total |       0 |      67 |   0.0 |       0 |      28 |   0.0 |   594
               +---------+---------+-------+---------+---------+-------+---------
           D:1 |       0 |      22 |   0.0 |       0 |      13 |   0.0 |   277
           D:2 |       0 |      44 |   0.0 |       0 |      14 |   0.0 |   195
           D:4 |       0 |       1 |   0.0 |       0 |       1 |   0.0 |    87
               +---------+---------+-------+---------+---------+-------+---------

Vault maps used:
D:1:      dpeg_arrival_rooms_c
D:2:      first_ration, uniq_robin
D:3:      uniq_terence, uniq_grinder
D:4:      tso_altar, cheibriados_altar_1, lemuel_crystal_altar,
          serial_bayou_pond_a, glass_columns_b, guppyfry_early_orc_mine
D:6:      kennysheep_mini, nicolae_overflow_hidden_temple, temple_hall,
          grunt_decor_one_mirror
